 Dungeon Crawl Stone Soup version 0.23.2-1-ga50397a (webtiles) character file.

Game seed: 12879803006744714003

60 IBeShadow the Caller (level 3, -4/30 HPs)
             Began as a Draconian Summoner on May 10, 2019.
             Killed from afar by Natasha (7 damage)
             ... with a magic dart
             ... on level 2 of the Dungeon.
             The game lasted 00:03:49 (1337 turns).

IBeShadow the Caller (Draconian Summoner)           Turns: 1337, Time: 00:03:51

Health: -4/30      AC:  6    Str: 11    XL:     3   Next: 82%
Magic:  5/6        EV: 12    Int: 15    God:
Gold:   84         SH:  0    Dex: 11    Spells: 5/6 levels left

rFire    . . .     SeeInvis +   c - +0 short sword
rCold    . . .     Gourm    .   (no shield)
rNeg     . . .     Faith    .   (armour unavailable)
rPois    .         Spirit   .   (helmet restricted)
rElec    .         Reflect  .   (no cloak)
rCorr    .         Harm     .   e - +0 pair of gloves
MR       .....                  (no boots)
Stlth    ++........             (no amulet)
HPRegen  0.10/turn              h - ring of see invisible
MPRegen  0.10/turn              (no ring)

@: no status effects
A: unfitting armour, cold-blooded, AC +5
a: no special abilities


You were on level 2 of the Dungeon.
You were not hungry.

You visited 1 branch of the dungeon, and saw 2 of its levels.

You collected 84 gold pieces.

Inventory:

Hand Weapons
 c - a +0 short sword (weapon)
Armour
 e - a +0 pair of gloves (worn)
Jewellery
 h - a ring of see invisible (left hand)
Scrolls
 a - 5 scrolls of identify {unknown}
 d - a scroll of remove curse {unknown}
 i - a scroll of teleportation {unknown}
Potions
 f - a potion of curing {unknown}
 j - a potion of lignification {unknown}
Comestibles
 b - 3 rations
 g - 7 chunks of flesh


   Skills:
 + Level 2.6 Fighting
 - Level 1.7 Dodging
 - Level 1.7 Stealth
 - Level 2.0 Spellcasting
 + Level 4.8 Summonings


You had 5 spell levels left.
You knew the following spells:

 Your Spells              Type           Power        Failure   Level  Hunger
a - Summon Small Mammal   Summ           ###.         3%          1    #......

Your spell library contained the following spells:

 Spells                   Type           Power        Failure   Level  Hunger
 Call Imp                 Summ           ###.....     4%          2    ###....
 Call Canine Familiar     Summ           ###.....     9%          3    ###....
 Summon Guardian Golem    Hex/Summ       #.......     26%         3    ###....
 Summon Ice Beast         Ice/Summ       #.......     63%         4    #####..
 Summon Lightning Spire   Summ/Air       #.......     63%         4    #####..


Dungeon Overview and Level Annotations

Branches:
Dungeon (2/15)

Altars:

Annotations:
D:2 Natasha


Innate Abilities, Weirdness & Mutations

Your plain brown scales are hard. (AC +5)
You cannot fit into any form of body armour.
You are cold-blooded and may be slowed by cold attacks.


Message History

Casting: Summon Small Mammal (safe; 3% risk of failure)
Confirm with . or Enter, or press ? or * to list all spells.
You hit Natasha but do no damage.
Your tail-slap misses Natasha.
Your quokka closely misses Natasha.
Natasha barely misses you.
You hit Natasha but do no damage.
Your quokka barely misses Natasha.
Natasha claws you!
You closely miss Natasha.
Your quokka closely misses Natasha.
Natasha claws you.
Your quokka misses Natasha.
Your quokka barely misses Natasha.
Casting: Summon Small Mammal (safe; 3% risk of failure)
Confirm with . or Enter, or press ? or * to list all spells.
Natasha claws you.
Your quokka completely misses Natasha.
Natasha claws you!
* * * LOW HITPOINT WARNING * * *
Your quokka bites Natasha but does no damage.
Your rat bites Natasha but does no damage.
Your rat barely misses Natasha.
Your quokka bites Natasha.
Natasha casts a spell at you. The magic dart hits you!
You die...

................
.......####....# .......#
#....#### .......####.......#
.......##.........#
.......##.........#
.......##.........#
.......##.........# .
................@.# ...
....##....###.....#######....#
....##............hr..........
######.............r..........
#........####........##..
#........# ##########
#........# #####....# #...


You could see Natasha, a friendly quokka and a friendly rat.

Vanquished Creatures
  Natasha (D:2)
  An adder (D:2)
  A worm (D:2)
  A dart slug (D:2)
  2 leopard geckos (D:1)
  A giant cockroach (D:1)
  2 goblins (D:1)
  3 hobgoblins (D:1)
  3 kobolds
  4 bats
  5 rats
24 creatures vanquished.

Vanquished Creatures (collateral kills)
  A hobgoblin (D:1)
  A bat (D:2)
  A frilled lizard (D:1)
  A rat (D:2)
4 creatures vanquished.

Grand Total: 28 creatures vanquished

Notes
Turn   | Place    | Note
-------+----------+-------------------------------------------
     0 | D:1      | IBeShadow the Draconian Summoner began the quest for the
                  | Orb.
     0 | D:1      | Reached XP level 1. HP: 14/14 MP: 3/3
   214 | D:1      | Reached skill level 1 in Fighting
   254 | D:1      | Reached XP level 2. HP: 15/23 MP: 0/5
  1083 | D:2      | Reached XP level 3. HP: 23/29 MP: 3/6
  1124 | D:2      | Noticed Natasha
  1139 | D:2      | Killed Natasha
  1324 | D:2      | Noticed Natasha
  1337 | D:2      | Killed from afar by Natasha

Skill      XL: |  1  2 |
---------------+-------+-----
Fighting       | 1 2 |  2.6
Dodging        | |  1.7
Stealth        | |  1.7
Spellcasting   | |  2.0
Summonings     | |  4.8

Action                   || total
-------------------------++-------
Melee: Unarmed           ||    79
       Tailslap          ||    16
       Club              ||    22
       Short sword       ||    40
 Cast: Summon Small Mamm ||    18
 Stab: Distracted        ||     3
       Sleeping          ||     1
  Eat: Chunk             ||     2
Armor: Skin              ||    50
Dodge: Dodged            ||   105
